 Dungeon Crawl Stone Soup version 0.22-a0-567-gff9aefc (webtiles) character file.

65 inc the Vexing (level 3, 16/16 HPs)
             Began as a Felid Enchanter on June 29, 2018.
             Was an Initiate of Dithmenos.
             Quit the game on level 5 of the Dungeon.
             The game lasted 00:05:06 (2814 turns).

inc the Vexing (Felid Enchanter)                    Turns: 2814, Time: 00:05:07

Health: 16/16      AC:  1    Str:  4    XL:     3   Next: 92%
Magic:  7/7        EV: 18    Int: 17    God:    Dithmenos [......]
Gold:   88         SH:  0    Dex: 16    Spells: 0/6 levels left
                                        Lives:  0   Deaths: 1

rFire    . . .     SeeInvis +     - Unarmed
rCold    . . .     Gourm    .   (shield unavailable)
rNeg     + . .     Faith    .   (armour unavailable)
rPois    .         Spirit   .   (helmet unavailable)
rElec    .         Reflect  .   (cloak unavailable)
rCorr    .         Harm     .   (gloves unavailable)
MR       .....                  (boots unavailable)
Stlth    +++.......             (no amulet)
HPRegen  0.05/turn              e - ring of positive energy
MPRegen  0.10/turn              (no ring)

@: quick
A: very small, no armour, no weapons or thrown items, stealth, claws 1, fangs 3,
see invisible, carnivore, speed 1, shaggy fur 1, slow metabolism 1, sharp paws
a: Renounce Religion


You were on level 5 of the Dungeon.
You worshipped Dithmenos.
Dithmenos was noncommittal.
You were not hungry.

You visited 1 branch of the dungeon, and saw 5 of its levels.

You collected 88 gold pieces.

Inventory:

Jewellery
 e - a ring of positive energy (left paw)
 i - an uncursed ring of wizardry {unknown}
Wands
 j - a wand of digging (6)
Scrolls
 a - 4 scrolls of remove curse {unknown}
 f - a scroll of identify {unknown}
 h - a scroll of teleportation {unknown}
Potions
 c - a potion of heal wounds {unknown}
 d - 4 potions of curing
 g - 2 potions of agility {unknown}
Comestibles
 b - 6 rations


   Skills:
 + Level 2.2 Fighting
 - Level 2.6 Dodging
 + Level 5.0 Stealth
 - Level 1.0 Unarmed Combat
 - Level 2.0 Spellcasting
 - Level 5.4 Hexes
 - Level 2.1 Ice Magic


You couldn't memorise any spells.
You knew the following spells:

 Your Spells              Type           Power        Failure   Level  Hunger
a - Corona                Hex            ###....      1%          1    #......
b - Ensorcelled Hibernat  Hex/Ice        ##....       6%          2    ###....
c - Confuse               Hex            ###.....     6%          3    ###....

Your spell library contained the following spells:

 Spells                   Type           Power        Failure   Level  Hunger
 Tukima's Dance           Hex            ###.....     6%          3    ###....
 Dazzling Spray           Conj/Hex       ##....       19%         3    ###....


Dungeon Overview and Level Annotations

Branches:
Dungeon (4/15)
 Temple: D:4-7

Altars:
Dithmenos
Fedhas
Gozag
Ru
Sif Muna

Shops:
D:3 *   D:4 [

Annotations:
D:3 Sigmund


Innate Abilities, Weirdness & Mutations

You cannot wear armour.
You are incapable of wielding weapons or throwing items.
Your paws allow you to move quietly. (Stealth)
You have sharp claws.
You have razor-sharp teeth.
You have supernaturally acute eyesight. (SInv)
You are carnivorous and can eat meat at any time.
You cover ground quickly.
You are covered in fur. (AC +1)
You have a slow metabolism.
Your sharp claws are effective at attacking unaware monsters.


Message History

An ogre comes into view. It is wielding a giant club.
Found a robe, a spear and a scroll labeled QEBYFF ONOIPN.
Found a stone staircase leading up.
Unknown command.
You see here a robe.
The helpless ogre fails to defend itself.
You claw the ogre!
The ogre is moderately wounded.
The ogre hits you with a giant club!!
Ouch! That really hurt!
You die...
You are now level 3!
You rejoin the land of the living...
Found a scroll labeled HAHIKHL NUIGG and a scroll labeled HIYRPH RYH DIF.
Found a stone staircase leading down.
Are you sure you want to abandon this character and quit the game? (Confirm with "yes".)
Okay, then.
Unknown command.
Unknown command.
Are you sure you want to abandon this character and quit the game? (Confirm with "yes".)

#.>... ..... .
.... .. ... ...
.. ..?. #. ...#
##.##...#..
#..@.......
.......#.......
.....## ...###.
.?.. ..... ...
....... ..
....... .
....... .......


There were no monsters in sight!

Vanquished Creatures
  Ijyb (D:3)
  A worker ant (D:2)
  A gnoll (D:3)
  5 adders
  2 dart slugs
  A giant cockroach (D:3)
  2 goblins (D:1)
  A hobgoblin (D:3)
  4 jackals (D:2)
  A bat (D:2)
  6 frilled lizards
  4 kobolds
  5 rats
34 creatures vanquished.

Notes
Turn   | Place    | Note
-------+----------+-------------------------------------------
     0 | D:1      | inc the Felid Enchanter began the quest for the Orb.
     0 | D:1      | Reached XP level 1. HP: 7/7 MP: 4/4
   379 | D:1      | Reached skill level 1 in Fighting
   665 | D:1      | Reached XP level 2. HP: 11/12 MP: 6/6
   701 | D:1      | Learned a level 2 spell: Ensorcelled Hibernation
  1250 | D:2      | Reached skill level 1 in Ice Magic
  1250 | D:2      | Reached XP level 3. HP: 15/15 MP: 2/7
  1354 | D:2      | Reached skill level 5 in Hexes
  1578 | D:2      | Found a blossoming altar of Fedhas.
  1613 | D:2      | Found a shadowy altar of Dithmenos.
  1613 | D:2      | Found a deep blue altar of Sif Muna.
  1744 | D:2      | Became a worshipper of Dithmenos the Shadowed
  1880 | D:2      | Reached XP level 4. HP: 19/19 MP: 5/8
  2022 | D:3      | Found Gozag's Platinum Reserve.
  2032 | D:3      | Found an opulent altar of Gozag.
  2060 | D:3      | Noticed Sigmund
  2075 | D:4      | Found Bir Qugh's Armour Shoppe.
  2332 | D:3      | Noticed Ijyb
  2444 | D:3      | Learned a level 3 spell: Confuse
  2577 | D:3      | Killed Ijyb
  2726 | D:3      | Found a sacrificial altar of Ru.
  2744 | D:3      | Reached skill level 5 in Stealth
  2811 | D:3      | You fall through a shaft for 2 floors!
  2811 | D:5      | Entered Level 5 of the Dungeon
  2811 | D:5      | Noticed an ogre
  2813 | D:5      | Slain by an ogre
  2814 | D:5      | Reached XP level 3. HP: -4/16 MP: 7/7
  2814 | D:5      | Quit the game

Vault maps used:
D:1:      dpeg_arrival_round_b, hex_large
D:2:      kennysheep_big_flooded_room, fedhas_altar_fruit_tree,
          gammafunk_temple_overflow_elements, minmay_misc_feat_chi
D:3:      lemuel_coloured_pillars_altar, nicolae_gozag_zags_fifth_avenue,
          nicolae_ru_sacrificial_ziggurat, first_ration, uniq_sigmund, uniq_ijyb
D:4:      cheibrodos_quashed, kennysheep_mini, nicolae_tso_besieged_by_evil,
          serial_shops, shop, uniq_eustachio
D:5:      lemuel_doored_altar, minmay_temple_entry_trees,
          gammafunk_ghost_cemetery, basic_altar

Skill      XL: |  1  2  3  4 |
---------------+-------------+-----
Fighting       | 1 2 |  2.2
Ice Magic      | 1 2 |  2.1
Hexes          | 5 |  5.4
Stealth        | 5 |  5.0
Dodging        | |  2.6
Unarmed Combat | |  1.0
Spellcasting   | |  2.0

Action                   |  1- 3 |  4- 6 || total
-------------------------+-------+-------++-------
Melee: Unarmed           |    58 |    77 ||   135
       Bite              |     5 |     2 ||     7
 Cast: Corona            |     3 |     1 ||     4
       Ensorcelled Hiber |    19 |    13 ||    32
       Confuse           |       |     2 ||     2
 Stab: Sleeping          |    15 |    10 ||    25
  Eat: Chunk             |     1 |     2 ||     3
Armor: Skin              |     2 |     2 ||     4
Dodge: Dodged            |    42 |    57 ||    99

Table legend:
 A = Spawn XP
 B = Non-spawn XP
 C = Spawn XP percentage of total XP
 D = Spawn monster count
 E = Non-spawn monster count
 F = Spawn count percentage of total count
 G = Total turns spent on level
                    A         B        C        D         E        F      G
               +---------+---------+-------+---------+---------+-------+---------
         Total |       0 |     189 |   0.0 |       0 |      34 |   0.0 |  2814
               +---------+---------+-------+---------+---------+-------+---------
           D:1 |       0 |      15 |   0.0 |       0 |      10 |   0.0 |  1060
           D:2 |       0 |      89 |   0.0 |       0 |      14 |   0.0 |   958
           D:3 |       0 |      85 |   0.0 |       0 |      10 |   0.0 |   791
               +---------+---------+-------+---------+---------+-------+---------
